 Dungeon Crawl Stone Soup version 0.15.2 (webtiles) character file.

619 HopeRidesAlone the Insei (level 7, -2/57 HPs)
             Began as a Mummy Monk on Nov 2, 2015.
             Killed by divine providence
             ... invoked by an orc priest
              (16 damage)
             ... on Level 4 of the Dungeon.
             The game lasted 00:08:24 (5964 turns).

HopeRidesAlone the Insei (Mummy Monk)               Turns: 5964, Time: 00:08:25

HP  -2/57        AC  9     Str 14      XL: 7   Next: 21%
MP   7/7         EV  9     Int  9      God:
Gold 210         SH  0     Dex 16      Spells:  0 memorised,  6 levels left

rFire  x . .     SeeInvis .       - Unarmed
rCold  + . .     Clarity  .     n - +2 ring mail {rN+}
rNeg   + + +     rCorr    .     (no shield)
rPois  +         rRot     +     (no helmet)
rElec  .         Spirit   .     e - +0 cloak
SustAb .         Warding  .     j - +0 pair of gloves
rMut   .         Stasis   .     (no boots)
Gourm  .                        (no amulet)
MR     .....                    (no ring)
                                l - cursed ring of loudness

@: not resistant to hostile enchantments, extremely unstealthy
A: no food or potions, fire vulnerability, restore body, cold resistance 1,
negative energy resistance 3, poison resistance, torment resistance, unbreathing
a: no special abilities


You were on level 4 of the Dungeon.
You were not hungry.

You visited 1 branch of the dungeon, and saw 5 of its levels.

You collected 210 gold pieces.


Innate Abilities, Weirdness & Mutations

You do not eat or drink.
Your flesh is vulnerable to fire.
Your flesh is cold resistant.
You are immune to negative energy.
Your system is resistant to poisons.
You are immune to unholy pain and torment.
You can survive without breathing.


   Skills:
 + Level 5.8 Fighting
 - Level 2.4 Dodging
 - Level 1.5 Stealth
 - Level 6.0 Unarmed Combat


You had 6 spell levels left.
You didn't know any spells.

Inventory:

Armour
 e - a +0 cloak (worn)
 j - a +0 pair of gloves (worn)
 n - a +2 ring mail of positive energy (worn)
Scrolls
 c - 2 scrolls of immolation {unknown}
 d - 5 scrolls of remove curse {unknown}
 f - a scroll of recharging {unknown}
 g - a scroll of identify {unknown}
 h - 3 scrolls of teleportation {unknown}
 i - a scroll of magic mapping {unknown}
 k - a scroll of blinking {unknown}
 m - 2 scrolls of noise {unknown}
Jewellery
 l - a cursed ring of loudness (left hand)

Dungeon Overview and Level Annotations

Branches:
Dungeon (5/15)             Temple (0/1) D:5

Altars:
Fedhas
Nemelex Xobeh

Annotations:
D:5 Dowan, Duvessa

≈≈≈≈≈≈≈≈≈≈ ≈ ..≈K
.≈≈.≈≈≈≈.≈. o.≈≈
K.≈≈≈ ............
..... o....
........K.B. ......
....K ...........
o...... ....
#.......### .......
...# #.>......O.
..... .. .
#.#.#############..#
..#
.....)....B.BO.KMS.#
##################.#
#


You could see an ogre, a worker ant, an orc priest, an adder, an orc, a giant
cockroach and a kobold.


Message History

You barely miss the hobgoblin.
The hobgoblin is severely wounded.
The kobold hits you but does no damage.
The orc moves out of view.
You barely miss the hobgoblin.
The hobgoblin is severely wounded.
The hobgoblin hits you but does no damage.
The kobold completely misses you.
You hit the hobgoblin but do no damage.
The hobgoblin is severely wounded.
The hobgoblin hits you.
* * * LOW HITPOINT WARNING * * *
The kobold barely misses you.
You barely miss the hobgoblin.
The hobgoblin is severely wounded.
The hobgoblin hits you but does no damage.
The kobold hits you with a dagger.
* * * LOW HITPOINT WARNING * * *
An adder comes into view.
You punch the hobgoblin!
You kill the hobgoblin!
The worker ant waves its antennae.
The kobold hits you with a dagger.
* * * LOW HITPOINT WARNING * * *
You see here a hobgoblin corpse.
An orc comes into view. It is wielding a hand axe.
The orc priest shouts!
The orc shouts!
The worker ant waves its antennae.
The orc priest calls down the wrath of Beogh upon you.
Something smites you!
You die...

Action                   |  1- 3 |  4- 6 |  7- 9 || total
-------------------------+-------+-------+-------++-------
Melee: Unarmed           |   169 |   303 |    49 ||   521
 Stab: Sleeping          |     2 |     1 |       ||     3

Vault maps used:
D:1:      dpeg_arrival_signposts, minmay_stone_trees_small,
          serial_park_tiny_pond, minmay_misc_feat_x, minivault_5,
          minmay_strange_pillars, hangedman_feature_mirror
D:2:      first_bread, kennysheep_generic_room_7
D:3:      kennysheep_six_static_rooms, nemelex_deck
D:4:      minmay_goblin_kobold_castle, dk_noncrumbling_1
D:5:      minmay_temple_entry_grid, fedhas_altar_1, uniq_duvessa

Notes
Turn   | Place    | Note
--------------------------------------------------------------
     0 | D:1      | HopeRidesAlone, the Mummy Monk, began the quest for the Orb.
     0 | D:1      | Reached XP level 1. HP: 18/18 MP: 1/1
   342 | D:1      | Reached XP level 2. HP: 22/24 MP: 2/2
   905 | D:1      | Reached skill level 4 in Unarmed Combat
  1057 | D:2      | Reached XP level 3. HP: 18/29 MP: 3/3
  1557 | D:2      | Reached XP level 4. HP: 30/35 MP: 4/4
  2266 | D:2      | Reached skill level 5 in Unarmed Combat
  2912 | D:3      | Found a sparkling altar of Nemelex Xobeh.
  3105 | D:3      | Reached XP level 5. HP: 32/41 MP: 5/5
  4269 | D:4      | HP: 4/41 [scorpion (8)]
  4654 | D:4      | Reached skill level 6 in Unarmed Combat
  4936 | D:4      | Reached XP level 6. HP: 19/47 MP: 6/6
  5350 | D:5      | Entered Level 5 of the Dungeon
  5553 | D:5      | Reached skill level 4 in Fighting
  5774 | D:5      | Reached skill level 5 in Fighting
  5779 | D:5      | Reached XP level 7. HP: 47/56 MP: 7/7
  5835 | D:5      | Found a staircase to the Ecumenical Temple.
  5873 | D:5      | Found a blossoming altar of Fedhas.
  5891 | D:5      | Noticed Duvessa
  5896 | D:5      | Noticed Dowan
  5915 | D:4      | Noticed an ogre
  5934 | D:4      | Noticed a phantom
  5964 | D:4      | Killed from afar by an orc priest

Vanquished Creatures
  A centaur (D:5)
  An ogre (D:5)
  2 scorpions
  A giant frog skeleton (D:4)
  An orc priest (D:4)
  2 orc wizards
  6 adders
  7 gnolls
  2 giant mites
  A worm (D:2)
  2 giant geckos
  6 orcs
  3 giant cockroaches
  13 hobgoblins
  3 jackals (D:1)
  12 kobolds
  4 quokkas
  8 bats
  9 giant newts
  14 goblins
  10 rats
  A rat skeleton (D:5)
109 creatures vanquished.
